 Dungeon Crawl Stone Soup version 0.27.0-1-g7a089689b8 (webtiles) character file.

Game seed: 13511559185438443527

25 freelancePsychic the Charlatan (level 3, 0/28 HPs)
             Began as a Djinni Artificer on Aug 14, 2021.
             Slain by an adder (1 damage)
             ... on level 2 of the Dungeon.
             The game lasted 00:01:44 (1782 turns).

freelancePsychic the Charlatan (Djinni Artificer)   Turns: 1782, Time: 00:01:45

Health: 0/28       AC:  3    Str: 11    XL:     3   Next: 17%
Gold:   68         EV: 11    Int: 13    God:
                   SH:  0    Dex: 13

rFire    + + .     SeeInvis .   k - +0 dagger
rCold    x . .     Faith    .   (no shield)
rNeg     . . .     Spirit   .   b - +0 leather armour
rPois    ∞         Reflect  .   (helmet currently unavailable)
rElec    .         Harm     .   (no cloak)
rCorr    .         Rampage  .   (no gloves)
Will     .....                  (boots unavailable)
Stlth    +.........             (no amulet)
HPRegen  0.09/turn              (no ring)
MPRegen  0.00/turn              (no ring)

@: appendages (expiring), flying
A: horns 2, flying, sickness immunity, fire resistance 2, cold vulnerability 1,
float, innate caster, hp casting, extra vitality 1
a: End Transformation


You were on level 2 of the Dungeon.
You had temporarily grown beastly horns.
You visited 1 branch of the dungeon, and saw 2 of its levels.

You collected 68 gold pieces.

Inventory:

Hand Weapons
 a - a +0 club
 k - a +0 dagger (weapon)
Armour
 b - a +0 leather armour (worn)
Wands
 c - a wand of flame (6) (quivered)
 d - a wand of charming (15)
Scrolls
 f - 2 scrolls of teleportation {unknown}
 h - 2 scrolls of fear {unknown}
 i - a scroll of magic mapping {unknown}
 j - a scroll of blinking {unknown}
Potions
 g - a potion of curing {unknown}
 l - a potion of haste {unknown}
Miscellaneous
 e - a piece from Xom's chessboard (15/15)


   Skills:
 + Level 2.1 Fighting
 + Level 0.1 Short Blades
 - Level 1.0 Armour
 - Level 2.1 Dodging
 - Level 0.7 Stealth
 + Level 1.1 Spellcasting
 - Level 3.0 Evocations


You had 3 spell levels left.
You knew the following spells:

 Your Spells              Type           Power      Damage    Failure   Level
a - Beastly Appendage     Tmut           6%         N/A       22%         1
Your spell library was empty.

Dungeon Overview and Level Annotations

Branches:
Dungeon (2/15)

Altars:


Innate Abilities, Weirdness & Mutations

You have temporarily grown beastly horns.
You are flying.
You are immune to sickness and miasma.
You are immune to poison.
Your flesh is very heat resistant. (rF++)
You are vulnerable to cold. (rC-)
You float through the air rather than walking.
You learn spells naturally, not from books.
Your magical power is your life essence.
You have superior vitality. (+4 HP)


Message History

You are too injured to fight recklessly!
You are too injured to fight recklessly!
You are too injured to fight recklessly!
You are too injured to fight recklessly!
You are too injured to fight recklessly!
You are too injured to fight recklessly!
Casting: Beastly Appendage (safe; 22% risk of failure)
Confirm with . or Enter, or press ? or * to list all spells.
You grow a pair of large bovine horns.
Your transformation is almost over.
The adder bites you but does no damage.
You hit the adder but do no damage. The adder bites you.
The adder closely misses you.
You hit the adder but do no damage. Your headbutt misses the adder.
The adder bites you but does no damage.
You closely miss the adder. The adder bites you.
You hit the adder.
The adder is moderately wounded.
The adder misses you. The adder bites you.
You hit the adder but do no damage.
You headbutt the adder, but do no damage.
The adder is lightly wounded.
The adder bites you but does no damage.
You hit the adder.
The adder is moderately wounded.
The adder barely misses you.
You hit the adder.
The adder is heavily wounded.
The adder bites you.
* * * LOW HITPOINT WARNING * * *
You hit the adder.
The adder is severely wounded.
The adder bites you.
* * * LOW HITPOINT WARNING * * *
The adder bites you.
* * * LOW HITPOINT WARNING * * *
You hit the adder.
The adder is severely wounded.
The adder bites you.
You die...

.....# .....############
.....'..........# #######
.....##########.# .......
.....# #.....#.# $..!.#
.....# #.###.#.# ..S..#
.....# #.#<..#.# .....#
.....####.#####.###.....#
>....'..........@S'.....+
.....##############.....#
###### ..$..# .....+
.....# .....# .....#
######


You could see an adder.

Vanquished Creatures
  A ball python (D:1)
  4 bats (D:1)
  2 endoplasms
  A giant cockroach (D:1)
  4 goblins (D:1)
  3 hobgoblins
  A quokka (D:1)
  A frilled lizard (D:1)
  3 kobolds
  3 rats (D:1)
23 creatures vanquished.

Notes
Turn   | Place    | Note
-------+----------+-------------------------------------------
     0 | D:1      | freelancePsychic the Djinni Artificer began the quest for
                  | the Orb.
     0 | D:1      | Reached XP level 1. HP: 17/17 MP: 0/0
   555 | D:1      | Reached XP level 2. HP: 7/22 MP: 0/0
   826 | D:1      | Found a faded altar of an unknown god.
  1138 | D:1      | Reached skill level 1 in Spellcasting
  1420 | D:1      | Reached XP level 3. HP: 24/28 MP: 0/0
  1420 | D:1      | Learned a level 1 spell: Beastly Appendage
  1781 | D:2      | HP: 1/28 [adder (2)]
  1782 | D:2      | Slain by an adder

Illustrated notes

Levels and vault maps discovered:
D:1:      minmay_arrival_stone_box, layout_basic,
          ebering_ecumenical_altar_petrified, minmay_octomino_j4
D:2:      layout_basic, serial_shops, nicolae_shop_crystal, uniq_natasha

Skill      XL: |  1  2 |
---------------+-------+-----
Spellcasting   | 1 |  1.1
Fighting       | 2 |  2.1
Short Blades   | |  0.1
Armour         | |  1.0
Dodging        | |  2.1
Stealth        | |  0.7
Evocations     | |  3.0

Action                   || total
-------------------------++-------
Melee: Club              ||    42
       Dagger            ||    64
       Headbutt          ||     3
 Cast: Beastly Appendage ||     3
Evoke: Wand              ||     9
 Stab: Sleeping          ||     1
Armor: Leather armour    ||    52
Dodge: Dodged            ||    80
